 Dungeon Crawl Stone Soup version 0.30-a0-948-g4fa250aae5 (webtiles) character file.

Game seed: 16836875227846966253

418 jimonade the Chopper (level 6, -7/53 HPs)
             Began as a Hill Orc Fighter on Mar 27, 2023.
             Was a Follower of Beogh.
             Mangled by an ogre
             ... wielding a +0 giant club
              (27 damage)
             ... on level 4 of the Dungeon.
             The game lasted 00:05:27 (3237 turns).

jimonade the Chopper (Hill Orc Fighter)             Turns: 3237, Time: 00:05:28

Health: -7/53      AC: 12    Str: 19    XL:     6   Next: 93%
Magic:  8/8        EV:  9    Int: 10    God:    Beogh [*.....]
Gold:   236        SH:  4    Dex: 10    Spells: 5/5 levels left

rFire   . . .      SeeInvis .    a - +0 war axe
rCold   . . .      Faith    .    c - +0 buckler
rNeg    . . .      Spirit   .    b - +0 scale mail
rPois   .          Reflect  .    (no helmet)
rElec   .          Rampage  .    (no cloak)
rCorr   .                        y - +0 pair of gloves
Will    .....                    (no boots) Stlth
                                 (no amulet)
HPRegen 0.28/turn                e - +4 ring of protection
MPRegen 0.11/turn                (no ring)

@: no status effects
A: no striking features
a: Renounce Religion


You were on level 4 of the Dungeon.
You worshipped Beogh.
Beogh was aware of your devotion.
You visited 1 branch of the dungeon, and saw 5 of its levels.

You collected 236 gold pieces.

Inventory:

Hand Weapons
 a - a +0 war axe (weapon)
 g - a +0 mace
 p - a +2 dagger of speed
Missiles
 r - 5 curare-tipped darts (quivered)
Armour
 b - a +0 scale mail (worn)
 c - a +0 buckler (worn)
 y - a +0 pair of gloves (worn)
Jewellery
 e - a +4 ring of protection (left hand)
 u - a ring of ice
Scrolls
 f - 6 scrolls of identify {unknown}
 n - a scroll of vulnerability {unknown}
 s - a scroll of magic mapping {unknown}
 v - a scroll of brand weapon {unknown}
 w - a scroll of teleportation {unknown}
 x - a scroll of poison {unknown}
 z - a scroll of amnesia {unknown}
Potions
 d - a potion of might
 h - a potion of berserk rage {unknown}
 i - 2 potions of attraction {unknown}
 j - 2 potions of flight {unknown}
 k - a potion of lignification {unknown}
 l - 2 potions of heal wounds {unknown}
 m - 2 potions of curing {unknown}
 o - 2 potions of resistance {unknown}
 q - a potion of cancellation {unknown}
 t - a potion of brilliance {unknown}
 A - a potion of degeneration {unknown}
 B - 2 potions of mutation {unknown}


   Skills:
 + Level 4.7 Fighting
 + Level 6.3 Axes
 + Level 4.4 Armour
 + Level 4.0 Shields
 * Level 3.6 Invocations


You had 5 spell levels left.
You didn't know any spells.
Your spell library contained the following spells:

 Spells                   Type           Power      Damage    Failure   Level
 Beastly Appendage        Tmut           0%         N/A       82%         1
 Static Discharge         Conj/Air       0%         2-2/arc   91%         2
 Wereblood                Tmut           0%         N/A       91%         2
 Ignite Poison            Fire/Tmut/Pois 0%         N/A       99%         3
 Kindle Blastsparks       Fire/Tloc/Air  0%         2d10      99%         3
 Spider Form              Tmut/Pois      0%         N/A       99%         3
 Vhi's Electric Charge    Tloc/Air       0%         N/A       99%         3
 Leda's Liquefaction      Hex/Erth       0%         N/A       100%        4
 Arcjolt                  Conj/Air       0%         1d10      100%        5
 Freezing Cloud           Conj/Ice/Air   0%         6-21      100%        5
 Lee's Rapid Deconstruct  Erth           0%         3d4*      100%        5
 Plasma Beam              Fire/Air       0%         2x1d11    100%        5
 Statue Form              Tmut/Erth      0%         N/A       100%        6


Dungeon Overview and Level Annotations

Branches:
Dungeon (5/15)
 Temple: D:4-7

Altars:
Makhleb

Shops:
D:4 (**


Message History

You can access your shopping list by pressing '$'.
There is an open door here.
B - 2 silvery potions You see here 2 stones.
Found Ezunnaum's Assorted Antiques.
There is an entrance to Ezunnaum's Assorted Antiques here.
You can access your shopping list by pressing '$'.
Found a stone staircase leading up.
Done exploring.
Search for what [Enter for "pole", or ? for help]? .
There is a stone staircase leading down here.
You climb downwards.
The ogre shouts!
There is a stone staircase leading up here.
You climb upwards.
There is a stone staircase leading down here.
You climb downwards.
The jelly quivers.
There is a stone staircase leading up here.
There is a stone staircase leading up here.
An ice beast comes into view.
The ogre hits you with a +0 giant club!
You climb upwards.
There is a stone staircase leading down here.
You barely miss the ogre. You block the ogre's attack.
You completely miss the ogre.
The ogre hits you with a +0 giant club!!
You are too injured to fight recklessly!
You are too injured to fight recklessly!
You are too injured to fight recklessly!
You barely miss the ogre. You hit the ogre but do no damage.
The ogre barely misses you.
You slash the ogre!
The ogre is severely wounded.
The ogre barely misses you.
You hit the ogre.
The ogre is almost dead.
The ogre hits you with a +0 giant club!!
Ouch! That really hurt!
You die...

....#######................#...#
..#.### ######.#########.#.#.#
..#...## #..รท..# #.#.#.#
..###..## #.###.# #.#.#.#
..####..####.###.# #.#.#.#
#......)...#...#.# #.#.#.#
........)).....#.# #.#.#.#
#......######..#O# #.#.#.#
#...............@# #.#.#.#
#......#########.# #.#.#.#
#..........# #.#########.#.#.#
#........#.# #.............#.##
#........#.# ###########......#
#........#.# ###################
##....#..#.# #..............#
##....#..#.####.############.#
##....#..#............# #.#


You could see an ogre.

Vanquished Creatures
  A black bear (D:4)
  A howler monkey (D:4)
  A jelly (D:4)
  A gnoll bouda (D:4)
  2 orc wizards (D:4)
  An iguana (D:4)
  4 adders
  2 worms
  2 dart slugs
  7 orcs
  3 endoplasms (D:3)
  11 giant cockroaches
  8 hobgoblins
  4 jackals (D:4)
  3 quokkas
  10 ball pythons
  4 bats
  2 frilled lizards (D:1)
  18 goblins
  9 kobolds
  4 rats
98 creatures vanquished.

Vanquished Creatures (others)
  A kobold (D:3)
1 creature vanquished.

Grand Total: 99 creatures vanquished

Notes
Turn   | Place    | Note
-------+----------+-------------------------------------------
     0 | D:1      | jimonade the Hill Orc Fighter began the quest for the Orb.
     0 | D:1      | Reached XP level 1. HP: 19/19 MP: 1/1
   148 | D:1      | Reached XP level 2. HP: 27/27 MP: 2/2
   154 | D:1      | Reached skill level 1 in Invocations
   259 | D:1      | Reached skill level 3 in Axes
   260 | D:1      | Reached XP level 3. HP: 33/33 MP: 3/3
   628 | D:2      | Found a burning altar of Makhleb.
   849 | D:2      | Reached XP level 4. HP: 40/40 MP: 5/5
  1118 | D:3      | Reached skill level 4 in Axes
  1530 | D:3      | Became a worshipper of Beogh the Brigand
  1726 | D:3      | Reached XP level 5. HP: 31/46 MP: 6/6
  1926 | D:4      | Reached skill level 5 in Axes
  2039 | D:4      | Reached * piety under Beogh
  2040 | D:4      | Reached XP level 6. HP: 51/53 MP: 8/8
  2111 | D:4      | Found Misiuwabb's Assorted Antiques.
  2306 | D:4      | Noticed a black bear
  2312 | D:4      | Killed a black bear
  2313 | D:4      | Reached skill level 6 in Axes
  2787 | D:4      | Found Povarec's Weapon Shop.
  3121 | D:4      | Found Ezunnaum's Assorted Antiques.
  3222 | D:5      | Entered Level 5 of the Dungeon
  3229 | D:5      | Noticed an ice beast
  3237 | D:4      | Mangled by an ogre

Illustrated notes

Levels and vault maps discovered:
D:1:      lemuel_arrival_muddy, layout_basic, kennysheep_decorative_pillar,
          minmay_misc_feat_plants, kennysheep_small_spiral
D:2:      layout_rooms, basic_altar, minmay_worlds_worst_comb
D:3:      cheibrodos_greedy_goblins, layout_basic, serial_glass,
          glass_columns_a, glass_columns_c, minmay_misc_feat_cross,
          minmay_vboxes
D:4:      layout_basic, serial_shops, shop, nicolae_shop_stone, shop
D:5:      layout_layer_cave, minmay_temple_entry_offerings,
          ebering_ghost_sewer_d, minmay_ogre_servants

Skill      XL: |  1  2  3  4  5  6 |
---------------+-------------------+-----
Invocations    | 1 2 3 |  3.6
Axes           | 3 4 5 6 |  6.3
Fighting       | 4 |  4.7
Armour         | 4 |  4.4
Shields        | 4 |  4.0

Action                     |  1- 3 |  4- 6 || total
---------------------------+-------+-------++-------
  Melee: War axe           |   105 |   212 ||   317
  Throw: Dart              |       |     1 ||     1
 Invoke: Convert to Beogh  |       |     1 ||     1
 Armour: Scale mail        |    64 |   108 ||   172
  Dodge: Dodged            |    54 |    84 ||   138
  Block: Buckler           |    24 |    49 ||    73

Table legend: (Time is in decaauts)
 A = Elapsed time spent in this place.
 B = Non-inter-level travel time spent in this place.
 C = Inter-level travel time spent in this place.
 D = Time resting spent in this place.
 E = Time spent auto-exploring this place.
 F = Levels seen in this place.
 G = Mean time per level.
                   A        B        C        D        E       F      G
               +--------+--------+--------+--------+--------+-----+--------+
         Total |   3345 |   3214 |    131 |    196 |   2245 |   5 |  669.0 |
       Dungeon |   3345 |   3214 |    131 |    196 |   2245 |   5 |  669.0 |
               +--------+--------+--------+--------+--------+-----+--------+

Top non-repeatable levels by time:
     D:4: 1178 daAuts
     D:3: 1100 daAuts
     D:1: 601 daAuts
     D:2: 457 daAuts
     D:5: 7 daAuts
